 Dungeon Crawl Stone Soup version 0.19.4-9-g45fd643 (webtiles) character file.

872 esteth the Geomancer (level 8, -3/41 HPs)
             Began as a Gargoyle Earth Elementalist on Feb 17, 2017.
             Slain by Menkaure (16 damage)
             ... on level 4 of the Dungeon.
             The game lasted 00:11:00 (4485 turns).

esteth the Geomancer (Gargoyle Earth Elementalist)  Turns: 4485, Time: 00:11:01

Health: -3/41      AC:  9    Str: 13    XL:     8   Next: 4%
Magic:  4/11       EV: 11    Int: 17    God:
Gold:   105        SH:  0    Dex: 10    Spells: 1 memorised, 10 levels left

rFire  . . .     SeeInvis .     x - +0 falchion (slice)
rCold  . . .     Gourm    .     C - +1 leather armour {rPois}
rNeg   + . .     Faith    .     (no shield)
rPois  ∞         Spirit   .     (no helmet)
rElec  +         Reflect  .     (no cloak)
rCorr  .         Harm     .     (no gloves)
MR     .....                    (no boots)
Stlth  ++........               (no amulet)
                                (no ring)
                                (no ring)

@: no status effects
A: negative energy resistance 1, electricity resistance, unbreathing,
petrification resistance, rot immunity, AC +5
a: no special abilities


You were on level 4 of the Dungeon.
You were not hungry.

You visited 1 branch of the dungeon, and saw 4 of its levels.

You collected 105 gold pieces.

Inventory:

Hand Weapons
 v - a +0 mace
 x - a +0 falchion of slicing (weapon)
Missiles
 b - 89 stones (quivered)
Armour
 c - a +0 robe
 C - a +1 leather armour of poison resistance (worn)
Wands
 u - a wand of digging (11/24)
 E - a wand of lightning (8/15)
Scrolls
 f - 6 scrolls of identify {unknown}
 j - a scroll of blinking {unknown}
 k - 3 scrolls of remove curse {unknown}
 n - a scroll of fear {unknown}
 p - a scroll of fog {unknown}
 r - a scroll of enchant armour {unknown}
 s - a scroll of noise {unknown}
 w - a scroll of random uselessness {unknown}
Potions
 g - 3 potions of mutation {unknown}
 h - 3 potions of heal wounds {unknown}
 i - a potion of cancellation {unknown}
 m - 2 potions of might {unknown}
 q - 3 potions of curing {unknown}
 t - a potion of flight {unknown}
 z - a potion of ambrosia {unknown}
 A - a potion of resistance {unknown}
 B - a potion of agility {unknown}
 D - a potion of lignification {unknown}
Books
 e - a book of Geomancy

   Spells                             Type                      Level
   a - Sandblast                      Earth                        1
   b - Passwall                       Transmutation/Earth          2
   c - Stone Arrow                    Conjuration/Earth            3
   d - Petrify                        Transmutation/Earth          4
   e - Lee's Rapid Deconstruction     Earth                        5
 y - a book of Callings

   Spells                             Type                      Level
   a - Summon Small Mammal            Summoning                    1
   b - Call Imp                       Summoning                    2
   c - Call Canine Familiar           Summoning                    3
   d - Summon Guardian Golem          Hexes/Summoning              3
   e - Summon Lightning Spire         Summoning/Air                4
   f - Summon Ice Beast               Ice/Summoning                4
Comestibles
 a - 2 slices of pizza
 d - 3 bread rations
 l - a meat ration
 o - a beef jerky
 F - 6 chunks of flesh


   Skills:
 - Level 4.0 Armour
 - Level 1.5 Dodging
 - Level 2.1 Stealth
 - Level 2.0 Spellcasting
   Level 0.7 Transmutations
 + Level 10.1 Earth Magic


You had 10 spell levels left.
You knew the following spells:

 Your Spells              Type           Power        Failure   Level  Hunger
a - Sandblast             Erth           #####.       1%          1    #......


Dungeon Overview and Level Annotations

Branches:
Dungeon (4/15)
 Temple: D:4-7

Altars:

Annotations:
D:4 Menkaure


Innate Abilities, Weirdness & Mutations

You are resistant to torment.
Your stone body is resilient. (AC +5)
You are immune to poison.
You resist negative energy. (rN+)
You are resistant to electric shocks. (rElec)
You can survive without breathing.
You are immune to petrification.
You are immune to rotting.


Message History

The blast of sand hits Menkaure.
Menkaure is almost destroyed.
Menkaure calls on the powers of darkness!
Your body is wracked with pain!
* * * LOW HITPOINT WARNING * * *
Casting: Sandblast
Confirm with . or Enter, or press ? or * to list all spells.
Aiming: Sandblast
Press: ? - help, Shift-Dir - straight line, f/p - Menkaure
Aim: Menkaure (almost destroyed, fast)
The blast of sand misses Menkaure.
Menkaure completely misses you.
Casting: Sandblast
Confirm with . or Enter, or press ? or * to list all spells.
Aiming: Sandblast
Press: ? - help, Shift-Dir - straight line, f/p - Menkaure
Aim: Menkaure (almost destroyed, fast)
The blast of sand hits Menkaure.
Menkaure is almost destroyed.
Menkaure hits you!
You die...

##########
#...>....#
#.######.# #.#
#.# #.# #.# #.#
#.# #.######@##
#.......M.......
#..#####.###.###
#..# #.# #..#
.?. #..# .##
#..# . #..# #.
#####..###


You could see Menkaure.

Vanquished Creatures
  Eustachio (D:4)
  Duvessa (D:4)
  A phantom (D:4)
  An ogre (D:4)
  Dowan (D:4)
  A hound (D:4)
  An orc priest (D:3)
  Jessica (D:3)
  Terence (D:3)
  Ijyb (D:3)
  Natasha (twice) (D:3)
  An orc wizard (D:4)
  A hound zombie (D:3)
  6 adders
  2 oozes
  2 dart slugs (D:1)
  3 leopard geckos
  17 orcs
  A ball python (D:1)
  3 giant cockroaches
  10 goblins
  10 hobgoblins
  12 jackals
  2 quokkas
  5 bats
  4 frilled lizards
  8 kobolds
  8 rats
107 creatures vanquished.

Notes
Turn   | Place    | Note
-------+----------+-------------------------------------------
     0 | D:1      | esteth the Gargoyle Earth Elementalist began the quest for the Orb.
     0 | D:1      | Reached XP level 1. HP: 10/10 MP: 3/3
    15 | D:1      | Reached skill level 4 in Earth Magic
   187 | D:1      | Reached XP level 2. HP: 15/15 MP: 0/5
   840 | D:1      | Reached skill level 5 in Earth Magic
   840 | D:1      | Reached XP level 3. HP: 15/19 MP: 2/6
  1663 | D:2      | Reached XP level 4. HP: 19/24 MP: 2/7
  1919 | D:2      | Reached skill level 6 in Earth Magic
  2265 | D:3      | Noticed Jessica
  2270 | D:3      | Killed Jessica
  2270 | D:3      | Reached XP level 5. HP: 28/28 MP: 3/8
  2428 | D:3      | Noticed Terence
  2434 | D:3      | Killed Terence
  2434 | D:3      | Reached skill level 7 in Earth Magic
  2773 | D:3      | Noticed Ijyb
  2797 | D:3      | Killed Ijyb
  2797 | D:3      | Reached XP level 6. HP: 22/32 MP: 2/9
  3073 | D:3      | Reached skill level 8 in Earth Magic
  3177 | D:3      | Noticed Natasha
  3190 | D:3      | Killed Natasha
  3236 | D:3      | Noticed Natasha
  3676 | D:3      | Killed Natasha
  3780 | D:4      | Noticed Eustachio
  3791 | D:4      | Killed Eustachio
  3791 | D:4      | Reached skill level 9 in Earth Magic
  3791 | D:4      | Reached XP level 7. HP: 36/36 MP: 0/10
  3879 | D:4      | Noticed Duvessa
  3879 | D:4      | Noticed Dowan
  3886 | D:4      | Killed Duvessa
  3890 | D:4      | Killed Dowan
  3890 | D:4      | Reached skill level 10 in Earth Magic
  4386 | D:4      | Reached XP level 8. HP: 40/41 MP: 5/11
  4474 | D:4      | Noticed Menkaure
  4485 | D:4      | Slain by Menkaure

Skill      XL: |  1  2  3  4  5  6  7 |
---------------+----------------------+-----
Earth Magic    | 4 5 6 7 9 10 | 10.1
Armour         | 4 |  4.0
Dodging        | |  1.5
Stealth        | |  2.1
Spellcasting   | |  2.0
Transmutations | |  0.7

Action                   |  1- 3 |  4- 6 |  7- 9 || total
-------------------------+-------+-------+-------++-------
Melee: Unarmed           |    89 |    25 |       ||   114
       Falchion          |       |    91 |    94 ||   185
 Cast: Sandblast         |    57 |    91 |    26 ||   174
 Stab: Sleeping          |       |     2 |       ||     2
  Eat: Chunk             |     3 |     9 |     3 ||    15
Armor: Robe              |    35 |    66 |       ||   101
       Leather armour    |       |       |    49 ||    49
Dodge: Dodged            |    88 |   115 |    63 ||   266
       Rpst.: Falchion   |       |    25 |    20 ||    45
